 Dungeon Crawl Stone Soup version 0.31.0-9-g3a7656b989 (webtiles) character file.

Game seed: 15048533362374347125

269 ProzacElf the Cutter (level 6, -9/36 HPs)
             Began as a Kobold Reaver on Jan 25, 2024.
             Was a Follower of Ashenzari.
             Mangled by an ogre
             ... wielding a +0 giant club
              (16 damage)
             ... on level 4 of the Dungeon.
             The game lasted 00:07:30 (3224 turns).

ProzacElf the Cutter (Kobold Reaver)                Turns: 3224, Time: 00:07:30

Health: -9/36      AC:  3    Str:  9    XL:     6   Next: 46%
Magic:  10/10      EV: 14    Int: 15    God:    Ashenzari [*.....]
Gold:   111        SH:  0    Dex: 15    Spells: 2/10 levels left

rFire   . . .        a - +9 rapier of Ashenzari's Nihilism {speed, rCorr, Bglg, Sorc} (curse)
rCold   . . .        (no shield)
rNeg    . . .        e - +0 leather armour
rPois   .            (no helmet)
rElec   .            (no cloak)
rCorr   +            (no gloves)
SInv    .            (no boots)
Will    .....        m - amulet "Ruined With Me" {Regen+, Self, Sorc} (curse)
Stlth   +++          (no ring)
HPRegen 1.06/turn    (no ring)
MPRegen 0.12/turn

%: no passive effects
@: no status effects
A: small, no large weapons, nightstalker 3
a: Renounce Religion, Curse Item, Shatter the Chains


You were on level 4 of the Dungeon.
You worshipped Ashenzari.
Ashenzari was aware of your devotion.
You visited 1 branch of the dungeon, and saw 4 of its levels.

You collected 186 gold pieces.
You spent 75 gold pieces at shops.

Inventory:

Hand Weapons
 a - the cursed +9 rapier of Ashenzari's Nihilism (weapon) {speed, rCorr, Bglg, Sorc}
   (You acquired it on level 2 of the Dungeon)

   rCorr:     It protects you from acid and corrosion.
   It has a curse which improves the following skills: Beguiling: Hexes and
   Translocations.
   Sorcery:   Conjurations and Alchemy.
 b - a +3 short sword of speed
 d - a +0 mace
Missiles
 o - 2 boomerangs (quivered)
Armour
 e - a +0 leather armour (worn)
Jewellery
 m - the cursed amulet "Ruined With Me" (around neck) {Regen+, Self, Sorc}
   (You found it on level 2 of the Dungeon)

   [amulet of regeneration]

   Regen+:    It increases your rate of health regeneration.
   It has a curse which improves the following skills: Introspection: Fighting
   and Spellcasting.
   Sorcery:   Conjurations and Alchemy.
Scrolls
 f - a scroll of immolation
 g - 2 scrolls of enchant weapon
 h - a scroll of enchant armour
 i - a scroll of amnesia
 k - a scroll of teleportation
 p - a scroll of blinking
 r - 2 scrolls of fear
 s - a scroll of vulnerability
Potions
 c - 2 potions of ambrosia {!e}
 j - a potion of curing
 l - a potion of lignification
 n - a potion of cancellation
 q - 2 potions of heal wounds
 t - a potion of mutation


   Skills:
 - Level 2.1(2.8) Fighting
 + Level 5.3 Short Blades
 - Level 3.0 Maces & Flails
 - Level 2.4 Dodging
 + Level 3.1 Stealth
 - Level 2.1(2.8) Spellcasting
 - Level 3.0(4.0) Conjurations
 - Level 3.0 Necromancy


You had 2 spell levels left.
You knew the following spells:

 Your Spells              Type           Power      Damage    Failure   Level
a - Kiss of Death         Conj/Necr      48%        2d9       7%          1
b - Momentum Strike       Conj/Tloc      16%        3d8       19%         2
c - Hailstorm             Conj/Ice       8%         3d5       36%         3
o - Blink                 Tloc           4%         N/A       38%         2

Your spell library contained the following spells:

 Spells                   Type           Power      Damage    Failure   Level
 Lesser Beckoning         Tloc           4%         N/A       38%         2
 Summon Ice Beast         Ice/Summ       2%         N/A       65%         3
 Sculpt Simulacrum        Ice/Alch       1%         N/A       100%        6


Dungeon Overview and Level Annotations

Branches:
Dungeon (4/15)
 Temple: D:4-7

Altars:
Ashenzari
Elyvilon
Fedhas
Makhleb
Qazlal
The Shining One

Shops:
D:3 *


Innate Abilities, Weirdness & Mutations

You are small and have problems with some larger weapons.
You are completely attuned to the shadows.


Message History

A hobgoblin comes inta view.
Tha helpless hobgoblin fails ta defend itself.
Ye impale tha hobgoblin!!
Ye kill tha hobgoblin!
Nay target in view!
Nay target in view!
Nay target in view!
Nay target in view!
Nay target in view!
Nay target in view!
Nay target in view!
Nay target in view!
Nay target in view!
Nay target in view!
Ye see 'ere a hobgoblin corpse.
An adder an' an ogre come inta view.
Ye start waitin'.
An ogre be nearby!
Throw: 2 boomerangs
Press: ? - help, Q - select action, (/) - cycle Shift-Dir - straight line, f - ogre
Aim: an ogre, wieldin' a +0 giant club (wanderin', hasn't noticed ye, 72% ta hit) Ye throw a boomerang.
Tha ogre shouts!
Tha boomerang hits tha ogre.
Tha ogre be lightly wounded.
Ye hear an angry hiss.
Ye hear a shout!
Ye barely miss tha ogre.
Tha ogre be lightly wounded.
Ye puncture tha ogre!
Tha ogre be moderately wounded.
Tha ogre hits ye wit' a +0 giant club!!
Ouch! Tha re'lly hurt!
* * * LOW HITPOINT WARNIN'
* * * Ye take 30 damage, an' haf 6/36 hp.
MASSIVE DAMAGE!!
Ye puncture tha ogre!
Tha ogre be severely wounded.
Ye puncture tha ogre!
Tha ogre be almost dead.
Tha ogre hits ye wit' a +0 giant club!
Ye die...

♣....♣♣
♣♣♣♣..♣♣
♣♣..♣
♣♣♣..♣♣
♣♣♣♣....♣
♣♣♣.....♣♣♣
♣♣....♣♣♣♣
♣♣♣♣...♣♣♣
♣SO@.♣♣♣
....♣♣♣♣
♣♣.. ♣..
..S ##


You could see an ogre and an adder.

Vanquished Creatures
  A gnoll bouda (D:2)
  An iguana (D:4)
  Robin (D:3)
  7 gnolls
  6 adders
  2 ribbon worms (D:2)
  A dart slug (D:3)
  5 orcs (D:3)
  8 giant cockroaches
  10 goblins
  6 hobgoblins
  3 jackals (D:2)
  A quokka (D:1)
  7 ball pythons
  3 bats
  6 frilled lizards
  7 kobolds
  4 rats
79 creatures vanquished.

Notes
Turn   | Place    | Note
-------+----------+-------------------------------------------
     0 | D:1      | ProzacElf the Kobold Reaver began the quest for the Orb.
     0 | D:1      | Reached XP level 1. HP: 12/12 MP: 3/3
   308 | D:1      | Reached XP level 2. HP: 15/17 MP: 5/5
   336 | D:1      | Reached skill level 1 in Necromancy
   682 | D:1      | Reached skill level 1 in Short Blades
   851 | D:1      | Learned a level 2 spell: Momentum Strike
   884 | D:1      | Reached XP level 3. HP: 21/21 MP: 6/6
   990 | D:1      | Found a faded altar of an unknown god.
   994 | D:1      | Prayed at the altar of an unknown god.
   994 | D:1      | Became a worshipper of Ashenzari the Shackled
  1355 | D:2      | HP: 1/22 [gnoll/+0 halberd[a gnoll bouda] (9)]
  1358 | D:2      | Reached skill level 2 in Short Blades
  1447 | D:2      | Reached XP level 4. HP: 20/21 MP: 7/7
  1600 | D:2      | Identified a scroll of acquirement
  1600 | D:2      | Acquired the +9 rapier of Hunkorchuo {speed, rCorr}
  1735 | D:2      | Reached skill level 3 in Short Blades
  1748 | D:2      | Reached XP level 5. HP: 28/31 MP: 8/8
  1999 | D:2      | Reached * piety under Ashenzari
  2129 | D:3      | Reached skill level 4 in Short Blades
  2189 | D:3      | Found a white marble altar of Elyvilon.
  2190 | D:3      | Found a blossoming altar of Fedhas.
  2216 | D:3      | Found Lyoploelew's Assorted Antiques.
  2221 | D:3      | Bought a scroll labelled ZUILUT JIULEI for 26 gold pieces
  2221 | D:3      | Bought a fuming golden potion for 23 gold pieces
  2221 | D:3      | Bought a scroll labelled JIFIME AJUGIAMMY for 26 gold
                  | pieces
  2237 | D:3      | Learned a level 3 spell: Hailstorm
  2240 | D:3      | Learned a level 2 spell: Blink
  2319 | D:3      | Found a burning altar of Makhleb.
  2320 | D:3      | Found a stormy altar of Qazlal.
  2410 | D:3      | Found a glowing golden altar of the Shining One.
  2555 | D:3      | Reached skill level 1 in Stealth
  2562 | D:3      | Reached XP level 6. HP: 22/36 MP: 10/10
  2657 | D:3      | Noticed Robin
  2663 | D:3      | Killed Robin
  2664 | D:3      | Reached skill level 5 in Short Blades
  2895 | D:3      | Found a broken altar of Ashenzari.
  3209 | D:4      | Noticed an ogre
  3224 | D:4      | Mangled by an ogre

Illustrated notes

Levels and vault maps discovered:
D:1:      lemuel_arrival_behind_the_door_small, layout_loops_corners,
          hellmonk_ecumenical_altar_leap_of_faith
D:2:      layout_basic, chequers_serial_rivers_marsh
D:3:      layout_basic, mainiacjoe_overflow_brackets,
          nicolae_overflow_quartered_altars, lemuel_doored_altar, serial_shops,
          shop, chequers_serial_rivers_small_a, uniq_robin
D:4:      kb_forest_paths, layout_basic, nicolae_vehumet_radiance,
          chequers_temple_overflow_statue_of_worship, uniq_sigmund

Skill      XL: |  1  2  3  4  5  6 |
---------------+-------------------+-----
Maces & Flails | 3 |  3.0
Necromancy     | 1 2 3 |  3.0
Short Blades   | 1 2 3 4 5 |  5.3
Stealth        | 1 3 |  3.1
Fighting       | |  2.1
Dodging        | |  2.4
Spellcasting   | |  2.1
Conjurations   | |  3.0

Action                     |  1- 3 |  4- 6 || total
---------------------------+-------+-------++-------
  Melee: Mace              |    27 |       ||    27
         Short sword       |    69 |    24 ||    93
         Rapier            |       |    95 ||    95
  Throw: Boomerang         |       |     1 ||     1
   Cast: Kiss of Death     |     3 |       ||     3
 Invoke: Curse Item        |     1 |     1 ||     2
    Use: Scroll            |       |     2 ||     2
   Stab: Sleeping          |    12 |     6 ||    18
         Distracted        |       |     1 ||     1
 Armour: Leather armour    |    38 |    31 ||    69
  Dodge: Dodged            |    47 |    78 ||   125

Action                     |  1- 3 |  4- 6 || total
---------------------------+-------+-------++-------
  Melee: Mace              |    27 |       ||    27
         Short sword       |    69 |    24 ||    93
         Rapier            |       |    95 ||    95
  Throw: Boomerang         |       |     1 ||     1
   Cast: Kiss of Death     |     3 |       ||     3
 Invoke: Curse Item        |     1 |     1 ||     2
    Use: Scroll            |       |     2 ||     2
   Stab: Sleeping          |    12 |     6 ||    18
         Distracted        |       |     1 ||     1
 Armour: Leather armour    |    38 |    31 ||    69
  Dodge: Dodged            |    47 |    78 ||   125

Levels and vault maps discovered:
D:1:      lemuel_arrival_behind_the_door_small, layout_loops_corners,
          hellmonk_ecumenical_altar_leap_of_faith
D:2:      layout_basic, chequers_serial_rivers_marsh
D:3:      layout_basic, mainiacjoe_overflow_brackets,
          nicolae_overflow_quartered_altars, lemuel_doored_altar, serial_shops,
          shop, chequers_serial_rivers_small_a, uniq_robin
D:4:      kb_forest_paths, layout_basic, nicolae_vehumet_radiance,
          chequers_temple_overflow_statue_of_worship, uniq_sigmund
